 Dungeon Sprint DCSS version 0.28-a0-909-g796cbd3a86 (webtiles) character file.

Game seed: 7835199481584715275

602 kae the Cleaver (level 7, -3/71 HPs)
             Began as a Hill Orc Fighter on Nov 24, 2021.
             Was an Initiate of Qazlal.
             Succumbed to Sonja's poison
             ... in the Dungeon (Sprint I: "Red Sonja").
             The game lasted 00:01:11 (533 turns).

kae the Cleaver (Hill Orc Fighter)                   Turns: 533, Time: 00:01:12

Health: -3/71      AC: 12    Str: 21    XL:     7   Next: 41%
Magic:  10/10      EV: 10    Int:  8    God:    Qazlal [......]
Gold:   405        SH:  5    Dex: 10    Spells: 6/6 levels left

rFire   . . .      SeeInvis .   a - +0 war axe
rCold   . . .      Faith    .   c - +0 buckler
rNeg    . . .      Spirit   .   b - +0 scale mail
rPois   .          Reflect  .   (no helmet)
rElec   .          Harm     .   (no cloak)
rCorr   .          Rampage  .   (no gloves)
Will    .....      NoTele   +   (no boots)
Stlth   ..........              (no amulet)
HPRegen 0.21/turn               k - +4 ring of protection
MPRegen 0.12/turn               (no ring)

@: mighty, lethally poisoned (-3 -> -67), slowed, very slow
A: no striking features
a: Renounce Religion


You were in the Dungeon.
You worshipped Qazlal.
Qazlal was noncommittal.
You visited 1 branch You collected 405 gold pieces.

Inventory:

Hand Weapons
 a - a +0 war axe (weapon)
Armour
 b - a +0 scale mail (worn)
 c - a +0 buckler (worn)
Jewellery
 k - a +4 ring of protection (left hand)
Wands
 i - a wand of flame (21)
Scrolls
 j - a scroll of blinking
Potions
 f - a potion of heal wounds
 g - a potion of haste
 h - 2 potions of magic


   Skills:
 + Level 9.8 Fighting
 * Level 10.8 Axes
 + Level 9.0 Armour
 - Level 8.6 Shields
 * Level 4.2 Invocations


You had 6 spell levels left.
You didn't know any spells.
Your spell library was empty.

Dungeon Overview and Level Annotations

Branches:
Dungeon (1/1)

Altars:
Cheibriados
Dithmenos
Elyvilon
Fedhas
Gozag
Hepliaklqana
Kikubaaqudgha
Makhleb
Nemelex Xobeh
Okawaru
Qazlal
Ru
Sif Muna
Trog
Uskayaw
Vehumet
Wu Jian
Xom
Yredelemnul
Zin
The Shining One
Jiyva
Lugonu

Shops:
D (

Annotations:
D Sonja


Message History

You are more poisoned.
You have difficulty breathing.
You feel as though you will be slow longer.
There is an open door here.
You feel very sick.
A curare-tipped dart appears from out of thin air!
The curare-tipped dart hits you.
You are more poisoned.
You have difficulty breathing.
You feel as though you will be slow longer.
You close the door.
You feel extremely sick.
Something unseen opens the door.
You feel better.
A curare-tipped dart appears from out of thin air!
You block the curare-tipped dart.
You completely miss something. Something hits you but does no damage.
You are poisoned.
Something hits you but does no damage.
You are more poisoned.
Something hits you but does no damage.
You are more poisoned.
Something hits you but does no damage.
You are lethally poisoned!
Something hits you but does no damage.
You are more poisoned.
Something hits you but does no damage. You block something's attack.
Something hits you but does no damage.
You are more poisoned.
Something hits you but does no damage.
You are more poisoned.
You closely miss something.
* * * LOW HITPOINT WARNING * * *
You feel extremely sick. Something hits you but does no damage.
You are more poisoned.
You block something's attack. Something hits you but does no damage.
You are more poisoned.
You hear some strange, mumbled words.
You die...

#<.#..)..#..'..#__#..+
#..').#..').#..'..'..#
#..#####'#####'#__####
#..####..#...#.####
#..#__####..##{#
#..#_____##'#_.+
#⌠⌠#_.∩...'..._#
####_..__##_.#'#
#_____###@#.# #######
#.### +$.$+ #$.$#
##.## #+#


There were no monsters in sight!

Vanquished Creatures
  A slime creature (D)
  Sigmund (D)
  A yak (D)
  An ogre (D)
  A jelly (D)
  Ijyb (D)
6 creatures vanquished.

Notes
Turn   | Place    | Note
-------+----------+-------------------------------------------
     0 | D        | kae the Hill Orc Fighter began the quest for the Orb.
     0 | D        | Reached XP level 1. HP: 19/19 MP: 1/1
     1 | D        | Noticed Ijyb
    11 | D        | Killed Ijyb
    12 | D        | Reached skill level 5 in Fighting
    12 | D        | Reached skill level 4 in Axes
    12 | D        | Reached XP level 2. HP: 22/29 MP: 2/2
    12 | D        | Reached XP level 3. HP: 28/36 MP: 3/3
    78 | D        | Noticed an ogre
    82 | D        | Killed an ogre
    83 | D        | Reached skill level 6 in Axes
    83 | D        | Reached skill level 5 in Armour
    83 | D        | Reached skill level 5 in Shields
    83 | D        | Reached XP level 4. HP: 45/45 MP: 4/4
   120 | D        | Noticed Sigmund
   127 | D        | Killed Sigmund
   128 | D        | Reached skill level 8 in Axes
   128 | D        | Reached XP level 5. HP: 49/53 MP: 5/5
   128 | D        | Reached XP level 6. HP: 57/61 MP: 6/6
   150 | D        | Found an ornate altar of the Wu Jian Council.
   150 | D        | Found a shimmering blue altar of Sif Muna.
   152 | D        | Found a radiant altar of Vehumet.
   162 | D        | Found Cazub's Weapon Emporium.
   162 | D        | Found an ancient bone altar of Kikubaaqudgha.
   162 | D        | Found a stormy altar of Qazlal.
   162 | D        | Found a blossoming altar of Fedhas.
   162 | D        | Found a bloodstained altar of Trog.
   162 | D        | Found an iron altar of Okawaru.
   162 | D        | Found a glowing golden altar of the Shining One.
   162 | D        | Found a glowing silver altar of Zin.
   162 | D        | Found a white marble altar of Elyvilon.
   162 | D        | Noticed a yak
   170 | D        | Killed a yak
   171 | D        | Reached skill level 9 in Axes
   171 | D        | Found a hazy altar of Hepliaklqana.
   171 | D        | Found a hide-covered altar of Uskayaw.
   171 | D        | Found a basalt altar of Yredelemnul.
   171 | D        | Found an opulent altar of Gozag.
   171 | D        | Found a snail-covered altar of Cheibriados.
   171 | D        | Found a sacrificial altar of Ru.
   171 | D        | Found a shadowy altar of Dithmenos.
   186 | D        | Found a sparkling altar of Nemelex Xobeh.
   284 | D        | Became a worshipper of Qazlal Stormbringer
   316 | D        | Found a viscous altar of Jiyva.
   316 | D        | Found a corrupted altar of Lugonu.
   316 | D        | Noticed a slime creature
   317 | D        | Found a burning altar of Makhleb.
   317 | D        | Found a shimmering altar of Xom.
   326 | D        | Killed a slime creature
   327 | D        | Reached skill level 10 in Axes
   327 | D        | Reached XP level 7. HP: 34/71 MP: 6/10
   525 | D        | Noticed Sonja
   533 | D        | Succumbed to Sonja's poison

Illustrated notes

Levels and vault maps discovered:
D:        dungeon_sprint_1 [red_sonja_temple_1, red_sonja_temple_small_1]

Skill      XL: |  1  2  3  4  5  6 |
---------------+-------------------+-----
Fighting       | 5 6 8 9 |  9.8
Axes           | 4 6 8 10 | 10.8
Armour         | 4 5 7 9 |  9.0
Shields        | 4 5 7 8 |  8.6
Invocations    | 4 |  4.2

Action                   |  1- 3 |  4- 6 |  7- 9 || total
-------------------------+-------+-------+-------++-------
Melee: War axe           |    11 |    24 |     2 ||    37
  Use: Potion            |     1 |       |     2 ||     3
Armor: Scale mail        |     4 |     5 |    10 ||    19
Dodge: Dodged            |     4 |     6 |       ||    10
Block: Buckler           |     1 |     3 |     3 ||     7

Table legend: (Time is in decaauts)
 A = Elapsed time spent in this place.
 B = Non-inter-level travel time spent in this place.
 C = Inter-level travel time spent in this place.
 D = Time resting spent in this place.
 E = Time spent auto-exploring this place.
 F = Levels seen in this place.
 G = Mean time per level.
                   A        B        C        D        E       F      G
               +--------+--------+--------+--------+--------+-----+--------+
         Total |    550 |    550 |      0 |    373 |      0 |   1 |  550.0 |
       Dungeon |    550 |    550 |      0 |    373 |      0 |   1 |  550.0 |
               +--------+--------+--------+--------+--------+-----+--------+

Top non-repeatable levels by time:
       D: 550 daAuts
